 Dungeon Crawl Stone Soup version 0.20.1-1-g8b1a95d (webtiles) character file.

68 vatarom the Slasher (level 4, 0/34 HPs)
             Began as a Demonspawn Gladiator on Sept 15, 2017.
             Slain by a bullfrog zombie (3 damage)
             ... on level 3 of the Dungeon.
             The game lasted 00:02:27 (1946 turns).

vatarom the Slasher (Demonspawn Gladiator)          Turns: 1946, Time: 00:02:28

Health: 0/34       AC:  4    Str: 14    XL:     4   Next: 1%
Magic:  4/4        EV: 13    Int:  9    God:
Gold:   79         SH:  0    Dex: 16    Spells: 3/3 levels left

rFire    . . .     SeeInvis .   a - +0 long sword
rCold    + . .     Gourm    .   (no shield)
rNeg     . . .     Faith    .   b - +0 leather armour
rPois    .         Spirit   .   c - +0 helmet
rElec    .         Reflect  .   (no cloak)
rCorr    .         Harm     .   (no gloves)
MR       .....                  (no boots)
Stlth    +.........             (no amulet)
Regen    0.2/turn               g - ring of wizardry
MPRegen  0.1/turn               (no ring)

@: hasted, very quick
A: hooves 1, cold resistance 1
a: no special abilities


You were on level 3 of the Dungeon.
You were not hungry.

You visited 1 branch of the dungeon, and saw 3 of its levels.

You collected 79 gold pieces.

Inventory:

Hand Weapons
 a - a +0 long sword (weapon)
Missiles
 d - 3 throwing nets (quivered)
Armour
 b - a +0 leather armour (worn)
 c - a +0 helmet (worn)
Jewellery
 g - a ring of wizardry (left hand)
Scrolls
 e - a scroll of teleportation
 l - 2 scrolls of identify
 m - 3 scrolls of remove curse
Comestibles
 f - a bread ration
 h - 2 chunks of flesh
 j - 6 fruits
 k - a royal jelly


   Skills:
 + Level 2.7 Fighting
 * Level 3.7 Long Blades
 - Level 1.7 Throwing
 + Level 3.1 Dodging


You had 3 spell levels left.
You didn't know any spells.

Dungeon Overview and Level Annotations

Branches:
Dungeon (3/15)

Altars:


Innate Abilities, Weirdness & Mutations

You have large cloven feet.
Your flesh is cold resistant. (rC+)


Message History

The bullfrog zombie closely misses you.
You riposte.
You hit the bullfrog zombie but do no damage.
The bullfrog zombie is heavily damaged.
The orc struggles against the net.
You barely miss the bullfrog zombie. You kick the bullfrog zombie.
The bullfrog zombie is heavily damaged.
The bullfrog zombie closely misses you.
You riposte.
You barely miss the bullfrog zombie. Your kick misses the bullfrog zombie.
The bullfrog zombie is heavily damaged.
The orc struggles against the net.
The net rips apart, and the orc comes free!
The bullfrog zombie misses you.
You slash the bullfrog zombie!
The bullfrog zombie is almost destroyed.
Unknown command.
You hit the bullfrog zombie but do no damage.
You kick the bullfrog zombie.
The bullfrog zombie is almost destroyed.
The bullfrog zombie hits you.
You die...

#...?...#
#..(....###
#..........
#.(......##
#........#
#........#
###o####.#
#Z####.##
#@....>..
#...!....
#.####### .#
### #.# #.#
..# #.# #.#
#.# #.# #.#
#.# #.# #.#
#.# #.# #.#
#.#
#.########.#
#.#


You could see an orc and a bullfrog zombie.

Vanquished Creatures
  An adder (D:3)
  An ooze (D:1)
  2 worms
  2 dart slugs (D:2)
  2 leopard geckos (D:2)
  A ball python (D:2)
  2 giant cockroaches
  7 goblins
  3 hobgoblins (D:1)
  A quokka (D:2)
  4 bats
  5 frilled lizards
  5 kobolds
  9 rats
45 creatures vanquished.

Notes
Turn   | Place    | Note
-------+----------+-------------------------------------------
     0 | D:1      | vatarom the Demonspawn Gladiator began the quest for the Orb.
     0 | D:1      | Reached XP level 1. HP: 16/16 MP: 1/1
   187 | D:1      | Gained mutation: Your flesh is cold resistant. (rC+) [demonic ancestry]
   187 | D:1      | Reached XP level 2. HP: 23/23 MP: 2/2
   624 | D:2      | Gained mutation: You have large cloven feet. [demonic ancestry]
   624 | D:2      | Reached XP level 3. HP: 27/28 MP: 3/3
  1841 | D:3      | Reached XP level 4. HP: 22/34 MP: 4/4
  1946 | D:3      | Slain by a bullfrog zombie

Skill      XL: |  1  2 |
---------------+-------+-----
Long Blades    | 3 |  3.7
Dodging        | 3 |  3.1
Fighting       | |  2.7
Throwing       | |  1.7

Action                   |  1- 3 |  4- 6 || total
-------------------------+-------+-------++-------
Melee: Long sword        |   104 |     8 ||   112
       Kick              |    16 |     4 ||    20
Throw: Throwing net      |       |     2 ||     2
  Use: Scroll            |     3 |       ||     3
       Potion            |     2 |     1 ||     3
 Stab: Sleeping          |     1 |       ||     1
  Eat: Chunk             |     3 |       ||     3
Armor: Leather armour    |    31 |     1 ||    32
Dodge: Dodged            |    66 |     9 ||    75
       Rpst.: Long sword |    21 |     3 ||    24
